 Dungeon Crawl Stone Soup version 0.30.1-9-gdf580d7c3d (webtiles) character file.

Game seed: 4240627516174317229

355 Chiseanne the Trooper (level 6, 0/49 HPs)
             Began as a Djinni Delver on Oct 3, 2023.
             Slain by a black bear (1 damage)
             ... on level 4 of the Dungeon.
             The game lasted 00:08:24 (1928 turns).

Chiseanne the Trooper (Djinni Delver)               Turns: 1928, Time: 00:08:24

Health: 0/49       AC:  3    Str: 11    XL:     6   Next: 95%
Gold:   45         EV: 13    Int: 14    God:
                   SH:  0    Dex: 14

rFire   + + .        a - +1 dagger (venom)
rCold   x . .        (no shield)
rNeg    . . .        b - +0 leather armour
rPois   ∞            (no helmet)
rElec   .            (no cloak)
rCorr   .            (no gloves)
SInv    .            (boots unavailable)
Will    .....        (no amulet)
Stlth   ++           (no ring)
HPRegen 0.28/turn    (no ring)
MPRegen 0.00/turn

%: infuse magic (-1 HP)
@: flying
A: sickness immunity, fire resistance 2, cold vulnerability 1, float, innate
caster, HP casting, extra vitality 1
a: no special abilities


You were on level 4 of the Dungeon.
You visited 1 branch of the dungeon, and saw 4 of its levels.
You also visited: Ossuary.

You collected 45 gold pieces.

Inventory:

Hand Weapons
 a - a +1 dagger of venom (weapon)
 s - a +0 falchion
Missiles
 h - 6 boomerangs (quivered)
Armour
 b - a +0 leather armour (worn)
Jewellery
 k - an amulet of faith
Wands
 g - a wand of digging (3)
Scrolls
 c - a scroll of fog
 d - 2 scrolls of magic mapping
 e - a scroll of fear
Potions
 f - 2 potions of haste
 j - a potion of ambrosia
 l - a potion of cancellation
 p - a potion of mutation
 t - a potion of curing


   Skills:
 * Level 4.8 Fighting
 - Level 1.7 Long Blades
 * Level 4.6 Dodging
 - Level 4.1 Stealth
 * Level 2.6 Spellcasting


You knew the following spells:

 Your Spells              Type           Power      Damage    Failure   Level
a - Necrotise             Necr           36%        1d5       10%         1
b - Momentum Strike       Conj/Tloc      18%        3d8       16%         2
Your spell library was empty.

Dungeon Overview and Level Annotations

Branches:
Dungeon (6/15)            Ossuary (visited)
 Temple: D:4-7

Altars:
Okawaru
Ru

Shops:
D:5 *


Innate Abilities, Weirdness & Mutations

You are immune to sickness and miasma.
You are immune to poison.
Your flesh is very heat resistant. (rF++)
You are vulnerable to cold. (rC-)
You float through the air rather than walking.
You learn spells naturally, not from books.
Your magical power is your life essence.
You have superior vitality. (+4 MHP)


Message History

The black bear misses you. The black bear barely misses you.
The black bear claws you.
You barely miss the black bear. The black bear bites you.
The black bear claws you. x2
You closely miss the black bear. The black bear closely misses you.
The black bear claws you but does no damage. x2
You hit the black bear.
The black bear is poisoned.
The black bear is lightly wounded.
The black bear bites you! The black bear barely misses you.
The black bear misses you.
You hit the black bear.
The black bear looks as sick as possible!
The black bear is lightly wounded.
The black bear bites you but does no damage.
The black bear barely misses you.
The black bear claws you but does no damage.
You hit the black bear.
The black bear looks as sick as possible!
The black bear is moderately wounded.
The black bear bites you.
The black bear claws you but does no damage. x2
The black bear attacks as you move away!
The black bear barely misses you. The black bear claws you. x2
The black bear goes berserk!
The black bear rages.
The black bear attacks as you move away!
The black bear closely misses you. The black bear barely misses you.
The black bear closely misses you.
The black bear attacks as you move away!
The black bear bites you!
The black bear claws you but does no damage.
The black bear claws you.
* * * LOW HITPOINT WARNING * * *
The black bear closely misses you. x2; The black bear claws you.
* * * LOW HITPOINT WARNING * * *
The black bear attacks as you move away!
The black bear bites you.
* * * LOW HITPOINT WARNING * * *
The black bear misses you. The black bear claws you.
You die...

..#
#.#
..#
#.#
..#
#.#
..#
#.#
..#
#.#
#.#
#.# .#
#.# ##
#.#
#@#
#h#
####.#
#....#
#.####
#.#
#.#
#.#
..#


You could see a black bear (berserk, very poisoned).

Vanquished Creatures
  2 water moccasin zombies (Ossuary)
  A howler monkey (D:5)
  2 centaur zombies (Ossuary)
  2 bullfrog zombies (Ossuary)
  A mummy (Ossuary)
  2 ufetubi
  6 adder zombies (Ossuary)
  A worm (D:4)
  A dart slug (D:5)
  A ball python (D:4)
  4 hobgoblins (D:4)
  2 gnoll zombies (Ossuary)
  3 goblin zombies
  4 hobgoblin zombies (Ossuary)
  5 orc zombies (Ossuary)
  A quokka zombie (D:4)
38 creatures vanquished.

Notes
Turn   | Place    | Note
-------+----------+-------------------------------------------
     0 | D:5      | Chiseanne the Djinni Delver began the quest for the Orb.
     0 | D:5      | Reached XP level 1. HP: 20/20 MP: 0/0
   202 | D:6      | Noticed an ice beast
   215 | D:5      | Noticed an orc wizard
   223 | D:5      | Found an iron altar of Okawaru.
   223 | D:5      | Found a sacrificial altar of Ru.
   247 | D:5      | Noticed a howler monkey
   264 | D:5      | Killed a howler monkey
   265 | D:5      | Reached skill level 1 in Spellcasting
   265 | D:5      | Reached XP level 2. HP: 12/25 MP: 0/0
   265 | D:5      | Reached XP level 3. HP: 14/30 MP: 0/0
   265 | D:5      | Learned a level 1 spell: Necrotise
   386 | D:5      | Found Wiuhoopimy's Assorted Antiques.
   388 | D:5      | Noticed an ogre
   406 | D:4      | Reached XP level 4. HP: 27/36 MP: 0/0
   511 | D:4      | Found a sand-covered staircase.
   533 | Ossuary  | Entered an ossuary
   660 | Ossuary  | Reached XP level 5. HP: 32/41 MP: 0/0
   660 | Ossuary  | Learned a level 2 spell: Momentum Strike
   909 | Ossuary  | Reached XP level 6. HP: 12/47 MP: 0/0
  1391 | Ossuary  | Noticed a silent spectre
  1914 | D:4      | Noticed a black bear
  1928 | D:4      | HP: 1/49 [black bear (6)]
  1928 | D:4      | Slain by a black bear

Illustrated notes

Levels and vault maps discovered:
D:3:      layout_basic, mainiacjoe_overflow_catwalk
D:4:      layout_basic, enter_ossuary_4, uniq_pikel, uniq_crazy_yiuf_cottage
D:5:      layout_basic, nicolae_overflow_two_pavilions,
          minmay_temple_entry_overgrown, nicolae_stop_n_shop_1
D:6:      layout_basic

Skill      XL: |  1  2  3  4  5 |
---------------+----------------+-----
Dodging        | 3 4 |  4.6
Spellcasting   | 1 2 |  2.6
Fighting       | 4 |  4.8
Long Blades    | |  1.7
Stealth        | |  4.1

Action                     |  1- 3 |  4- 6 || total
---------------------------+-------+-------++-------
  Melee: Dagger            |    21 |    30 ||    51
         Falchion          |     2 |   169 ||   171
         Punch             |       |     4 ||     4
    Use: Scroll            |       |    10 ||    10
   Stab: Sleeping          |       |     3 ||     3
 Armour: Leather armour    |     4 |    62 ||    66
  Dodge: Dodged            |    29 |   157 ||   186
